 Dungeon Crawl Stone Soup version 0.16-a0-4092-gb8933cd (webtiles) character file.

114 Sixotanaka the Ruffian (level 4, -4/41 HPs)
             Began as a Troll Warper on Feb 23, 2015.
             Slain by a gnoll (6 damage)
             ... on level 2 of the Dungeon.
             The game lasted 00:03:00 (1049 turns).

Sixotanaka the Ruffian (Troll Warper)               Turns: 1049, Time: 00:03:00

Health: -4/41      AC:  5    Str: 19    XL:     4   Next: 66%
Magic:  4/4        EV:  9    Int:  9    God:
Gold:   100        SH:  0    Dex: 10    Spells: 1 memorised, 4 levels left

rFire  . . .     SeeInvis .       - Unarmed
rCold  . . .     Clarity  .     b - +0 robe
rNeg   . . .     SustAb   .     (shield restricted)
rPois  .         Gourm    +     (helmet restricted)
rElec  .         Spirit   .     (no cloak)
rCorr  .         Warding  .     (gloves unavailable)
rMut   .         Stasis   .     (boots unavailable)
MR     .....                    (no amulet)
Stlth  +.........               (no ring)
                                (no ring)

@: not resistant to hostile enchantments, very unstealthy
A: unfitting armour, claws 3, fast metabolism 3, gourmand, regeneration 2,
shaggy fur 1, tough skin 2
a: no special abilities


You were on level 2 of the Dungeon.
You were very full.

You visited 1 branch of the dungeon, and saw 2 of its levels.

You collected 100 gold pieces.


Innate Abilities, Weirdness & Mutations

You are too large for most types of armour.
You have claws for hands.
Your metabolism is lightning-fast.
You like to eat raw meat.
You heal very quickly.
You are covered in fur (AC +1).
You have very tough skin (AC +2).


   Skills:
 - Level 1.5 Fighting
 - Level 0.8 Throwing
 - Level 0.7 Armour
 - Level 1.5 Dodging
 + Level 5.0 Unarmed Combat
 - Level 1.2 Spellcasting
 - Level 2.1 Translocations


You had 4 spell levels left.
You knew the following spells:

 Your Spells              Type           Power        Failure   Level  Hunger
e - Apportation           Tloc           #.........   14%         1    ##.....


Dungeon Overview and Level Annotations

Branches:
Dungeon (2/15)

Altars:

Inventory:

Missiles
 e - 5 tomahawks of dispersal (quivered) {!f}
 g - 10 poisoned needles
Armour
 b - a +0 robe (worn)
Scrolls
 d - a scroll of blinking
 h - a scroll of enchant weapon {unknown}
 i - 2 scrolls of remove curse {unknown}
 k - a scroll of identify {unknown}
 n - 3 scrolls of teleportation {unknown}
Potions
 j - a potion of heal wounds {unknown}
 l - a potion of ambrosia {unknown}
 m - a potion of mutation {unknown}
 o - a potion of agility {unknown}
Books
 c - a book of Spatial Translocations
Comestibles
 a - 3 meat rations
 f - 4 bread rations

#.# ... ..### ...... $
#...## .......>. .
[.....# .?..... .###
##..#....###..#... .....
##...#...#.......#......
#.............##.#......
..............##)g>.#....
................@.....#
................†..#.##
.....................#
..............%......#
...........###.....#.#
.##........####...##.#
#.....####..#####.# #
..#...# ##....##.##
###(#######.........


You could see a gnoll.


Message History

Eating a chunk of flesh.
This raw flesh tastes great.
You continue eating. x2
Found 7 gold pieces.
Found 10 gold pieces.
Found a stone staircase leading up.
You now have 90 gold pieces (gained 7).
You now have 100 gold pieces (gained 10).
Found a meat ration.
Found a scroll labeled WIKIES TELE.
Found an escape hatch in the floor.
A gnoll comes into view.
The gnoll shouts!
A gnoll is nearby!
A gnoll is nearby! 2 gnolls come into view.
The gnoll shouts! x2
The gnoll barely misses you.
Found a stone staircase leading down.
A gnoll comes into view. It is wielding a club.
The gnoll shouts!
You claw the gnoll!
You kill the gnoll! 2 gnolls come into view.
The gnoll shouts! x2
You claw the gnoll!
You kill the gnoll!
You have reached level 4!
The gnoll throws a throwing net.
The throwing net hits you.
You become entangled in the net!
You tear a large gash into the net.
The gnoll moves out of view.
The gnoll hits you!
You shred the net and break free! The gnoll hits you but does no damage.
You closely miss the gnoll. The gnoll barely misses you.
The gnoll hits you but does no damage.
A gnoll comes into view.
The gnoll shouts!
You claw the gnoll!
You kill the gnoll!
You claw the gnoll!
The gnoll begins to bleed from its wounds!
The gnoll closely misses you.
You scratch the gnoll.
You kill the gnoll!
The gnoll hits you but does no damage.
You closely miss the gnoll. The gnoll misses you.
You scratch the gnoll.
The gnoll begins to bleed from its wounds!
The gnoll hits you from afar with a halberd!
The gnoll hits you with a club.
You claw the gnoll!
You kill the gnoll!
The gnoll hits you from afar with a halberd!
* * * LOW HITPOINT WARNING * * *
The gnoll barely misses you.
Found 10 gold pieces.
Items here: ))) †† a club x2 an enchanted whip; a gnoll corpse; a gnoll corpse You closely miss the gnoll.
The gnoll hits you.
* * * LOW HITPOINT WARNING * * *
The gnoll hits you with a halberd!
* * * LOW HITPOINT WARNING * * *
You claw the gnoll!
The gnoll begins to bleed from its wounds!
The gnoll closely misses you.
You scratch the gnoll.
You kill the gnoll!
Your Unarmed Combat skill increases to level 5!
The gnoll barely misses you.
You completely miss the gnoll. The gnoll completely misses you.
You closely miss the gnoll. The gnoll hits you.
You die...

Action                   |  1- 3 |  4- 6 || total
-------------------------+-------+-------++-------
Melee: Unarmed           |   103 |    12 ||   115
  Eat: Chunk             |    14 |       ||    14

Vault maps used:
D:1:      minmay_arrival_nine_rooms, minivault_19
D:2:      tgw_trog, uniq_sigmund

Notes
Turn   | Place    | Note
--------------------------------------------------------------
     0 | D:1      | Sixotanaka, the Troll Warper, began the quest for the Orb.
     0 | D:1      | Reached XP level 1. HP: 19/19 MP: 2/2
   204 | D:1      | Reached XP level 2. HP: 27/27 MP: 2/2
   400 | D:1      | Reached skill level 3 in Unarmed Combat
   772 | D:2      | Reached XP level 3. HP: 30/33 MP: 3/3
   834 | D:2      | Reached skill level 4 in Unarmed Combat
  1034 | D:2      | Reached XP level 4. HP: 41/41 MP: 4/4
  1045 | D:2      | HP: 1/41 [gnoll/halberd (12)]
  1047 | D:2      | Reached skill level 5 in Unarmed Combat
  1049 | D:2      | Slain by a gnoll

Vanquished Creatures
  2 adders (D:2)
  6 gnolls (D:2)
  6 bats
  4 giant cockroaches
  3 goblins
  5 hobgoblins (D:1)
  2 giant newts
  7 kobolds
  6 rats
41 creatures vanquished.
